AoeStats
← Seli

Black Forest

506188142Analyzed
1v1 RM · 20d ago on Sep 12, 2026· 45m 0s· 2 players
Game mode
Random Map
Map size
Tiny (2 player)
Population
200
Speed
Normal
Resources
Standard
Victory
Conquest
Starting age
Dark Age
Ending age
Imperial Age
RankedLock teamsTeams togetherTeam positionsShared explorationLock speedFull tech treeHidden civsTurbo modeCheats
Victory
Defeat
🇦🇷 Mongols · Argentina
628
+14
🇬🇧 Khmer · United Kingdom
587
-14
Seli
7:36 Loom
11:54 Feudal Age
14:08 Double-Bit Axe
17:07 Wheelbarrow
16:22 Horse Collar
16:38 Stone Mining
20:25 Gold Mining
20:57 Town Watch
23:52 Bloodlines
28:01 Castle Age
33:31 Imperial Age
32:08 Husbandry
33:15 Hand Cart
34:24 Town Patrol
38:29 Heavy Scorpion
44:26 Cavalier
44:31 Elite Skirmisher
44:32 Crossbowman
Ghostsute
5:36 Loom
13:41 Feudal Age
14:27 Double-Bit Axe
16:01 Horse Collar
15:57 Man-at-Arms
17:52 Wheelbarrow
26:31 Castle Age
25:36 Stone Mining
26:19 Forging
26:42 Pikeman
28:54 Scale Mail Armor
29:46 Town Watch
30:03 Heavy Plow
30:18 Bow Saw
30:01 Gold Mining
33:40 Scale Barding Armor
33:27 Fletching
33:39 Padded Archer Armor
34:36 Squires
39:00 Imperial Age
37:32 Stone Shaft Mining
37:33 Gold Shaft Mining
40:27 Conscription
42:35 Ballistics
43:16 Chemistry
Connection lost

Rejoining the realm…

Still unreachable

The connection could not be restored.

Session expired

The server has moved on; the page needs a fresh start.